 Dungeon Crawl Stone Soup version 0.31-a0-152-g6aa68a64a1 (webtiles) character file.

Game seed: 6878383802532755654

252 qw the Chopper (level 6, -1/39 HPs)
             Began as a Gargoyle Fighter on June 11, 2023.
             Killed by nerve-wracking pain
             ... invoked by Menkaure
              (7 damage)
             ... on level 4 of the Dungeon.
             The game lasted 00:01:23 (2752 turns).

qw the Chopper (Gargoyle Fighter)                   Turns: 2752, Time: 00:01:23

Health: -1/39      AC: 15    Str: 21    XL:     6   Next: 13%
Magic:  6/6        EV:  7    Int:  9    God:
Gold:   23         SH:  4    Dex:  9    Spells: 5/5 levels left

rFire   . . .        Y - +1 war axe
rCold   . . .        c - +0 buckler
rNeg    + . .        h - +0 chain mail
rPois   inf          (no helmet)
rElec   +            g - +0 cloak
rCorr   .            i - +0 pair of gloves
SInv    .            (no boots)
Will    .....        (no amulet) Stlth
                     (no ring)
HPRegen 0.26/turn    (no ring)
MPRegen 0.10/turn

%: no passive effects
@: about to teleport
A: sickness immunity, AC +4, negative energy resistance 1, electricity
resistance, torment resistance 1, petrification resistance
a: no special abilities


You were on level 4 of the Dungeon.
You visited 1 branch of the dungeon, and saw 4 of its levels.

You collected 149 gold pieces.
You spent 126 gold pieces at shops.


Innate Abilities, Weirdness & Mutations

You are immune to sickness and miasma.
Your stone body is resilient. (AC +4)
You are immune to poison.
You resist negative energy. (rN+)
You are resistant to electric shocks. (rElec)
You are resistant to unholy torment.
You are immune to petrification.


   Skills:
 - Level 4.4 Fighting
 + Level 5.1 Axes
 - Level 3.2 Armour
 - Level 3.2 Shields


You had 5 spell levels left.
You didn't know any spells.
Your spell library was empty.

Inventory:

Hand Weapons
 n - a +0 whip
 Y - a +1 war axe (weapon)
Armour
 c - a +0 buckler (worn)
 g - a +0 cloak (worn)
 h - a +0 chain mail (worn)
 i - a +0 pair of gloves (worn)
Wands
 a - a wand of digging (5)
Scrolls
 f - a scroll of identify
Potions
 d - a potion of might
 j - a potion of haste {unknown}
 l - a potion of magic {unknown}
 m - 4 potions of curing
 o - a potion of enlightenment {unknown}

Dungeon Overview and Level Annotations

Branches:
Dungeon (4/15)
 Temple: D:4-7

Altars:
Nemelex Xobeh

Shops:
D:3 !

Annotations:
D:4 Menkaure


Message History

HP restored.
Done exploring.
(D) Dungeon
Where to? (* - list waypoints, Enter - D:4, ? - help)
What level of the Dungeon? (default 1, ? - help)
You climb downwards.
Level annotation: Menkaure The hobgoblin closely misses you.
The hobgoblin hits you but does no damage.
There is a stone staircase leading up here.
You slash the hobgoblin!
You kill the hobgoblin!
A kobold comes into view. It is wielding a +0 short sword.
The kobold shouts!
Menkaure hits you.
You hit Menkaure.
Menkaure is lightly damaged.
Menkaure closely misses you.
You closely miss Menkaure.
Menkaure is lightly damaged.
You closely miss Menkaure.
Menkaure is lightly damaged.
Menkaure hits you!
You slash Menkaure!
Menkaure is heavily damaged.
You hit the kobold.
You kill the kobold!
Menkaure draws the symbol "Udjat" in the dust.
Menkaure hits you. Menkaure hits you!
2750 ||| READING scroll of teleportation.
As you read the scroll of teleportation, it crumbles to dust.
You feel strangely unstable.
You hit Menkaure.
Menkaure is heavily damaged.
Menkaure hits you but does no damage.
You barely miss Menkaure.
Menkaure is heavily damaged.
Menkaure casts a spell at you. Pain shoots through your body!
You die...

#........
........#####
.#..........##
.......(.....##
......).......#
#......<......#
#.............#
..###.......<.#
= #...$@....#
.......)M..##
###.........#
#.........#
.............
.............$.
..............#
..............#


You could see Menkaure.

Vanquished Creatures
  A scorpion (D:4)
  Natasha (thrice) (D:3)
  3 adders (D:3)
  2 worms
  5 dart slugs
  An orc (D:3)
  4 endoplasms
  2 giant cockroaches (D:2)
  4 goblins
  4 hobgoblins
  5 jackals
  6 quokkas
  5 ball pythons
  7 bats
  2 frilled lizards
  5 kobolds
  21 rats
80 creatures vanquished.

Notes
Turn   | Place    | Note
-------+----------+-------------------------------------------
     0 | D:1      | qw the Gargoyle Fighter began the quest for the Orb.
     0 | D:1      | Reached XP level 1. HP: 14/14 MP: 1/1
     0 | D:1      | 0 ||| qw: Version: 0.2-a-29-gdad1ea2
     0 | D:1      | 0 ||| qw: Game counter: 4072
     0 | D:1      | 0 ||| qw: Always use a shield: true
     0 | D:1      | 0 ||| qw: God list: Okawaru
     0 | D:1      | 0 ||| qw: Allow faded altars: false
     0 | D:1      | 0 ||| qw: Do Orc after D:15 true
     0 | D:1      | 0 ||| qw: Do second Lair branch before Depths: true
     0 | D:1      | 0 ||| qw: Lair rune preference: random
     0 | D:1      | 0 ||| qw: Plans: Normal, Zot:1-4, Slime:5, God:TSO, Crypt,
                  | Tomb, Abyss, Pan, Hells, Win
     0 | D:1      | 0 ||| PLANNING D:1-11
    48 | D:1      | Reached skill level 2 in Axes
    86 | D:1      | 86 ||| Stepping ~*~*~tactically~*~*~ (hiding).
    95 | D:1      | Reached XP level 2. HP: 16/19 MP: 2/2
   553 | D:1      | 553 ||| UPGRADING to +0 cloak.
   558 | D:1      | 558 ||| READING scroll labelled ADOAHUPEDD.
   559 | D:1      | 559 ||| READING scroll labelled TEOH ECEFYCVI.
   573 | D:2      | Found a faded altar of an unknown god.
   590 | D:2      | Reached skill level 3 in Axes
   667 | D:2      | Reached XP level 3. HP: 23/23 MP: 3/3
   844 | D:2      | 844 ||| Stepping ~*~*~tactically~*~*~ (stealth).
   845 | D:2      | 845 ||| Stepping ~*~*~tactically~*~*~ (stealth).
  1151 | D:2      | 1151 ||| Stepping ~*~*~tactically~*~*~ (stealth).
  1430 | D:2      | 1430 ||| UPGRADING to +0 pair of gloves.
  1435 | D:2      | 1435 ||| READING scroll labelled ZOGAF ANEEWNA.
  1436 | D:2      | 1436 ||| READING scroll labelled BUYCKIZUXE.
  1517 | D:3      | Reached XP level 4. HP: 28/28 MP: 4/4
  1607 | D:3      | Reached skill level 4 in Axes
  1826 | D:3      | Found a sparkling altar of Nemelex Xobeh.
  1954 | D:3      | Noticed Natasha
  1955 | D:3      | 1955 ||| Stepping ~*~*~tactically~*~*~ (hiding).
  1956 | D:3      | 1956 ||| Stepping ~*~*~tactically~*~*~ (hiding).
  1963 | D:3      | Killed Natasha
  1964 | D:3      | Reached XP level 5. HP: 30/32 MP: 5/5
  2059 | D:3      | Noticed Natasha
  2060 | D:3      | 2060 ||| Stepping ~*~*~tactically~*~*~ (hiding).
  2062 | D:3      | 2062 ||| Stepping ~*~*~tactically~*~*~ (hiding).
  2063 | D:3      | 2063 ||| Stepping ~*~*~tactically~*~*~ (hiding).
  2074 | D:3      | Killed Natasha
  2085 | D:3      | Noticed Natasha
  2086 | D:3      | 2086 ||| Stepping ~*~*~tactically~*~*~ (stealth).
  2090 | D:3      | 2090 ||| Stepping ~*~*~tactically~*~*~ (stealth).
  2110 | D:3      | 2110 ||| Stepping ~*~*~tactically~*~*~ (stealth).
  2111 | D:3      | 2111 ||| Stepping ~*~*~tactically~*~*~ (stealth).
  2112 | D:3      | 2112 ||| Stepping ~*~*~tactically~*~*~ (stealth).
  2114 | D:3      | 2114 ||| Stepping ~*~*~tactically~*~*~ (stealth).
  2116 | D:3      | 2116 ||| Stepping ~*~*~tactically~*~*~ (hiding).
  2117 | D:3      | 2117 ||| Stepping ~*~*~tactically~*~*~ (hiding).
  2128 | D:3      | Killed Natasha
  2129 | D:3      | Reached skill level 5 in Axes
  2308 | D:3      | Found Vuiclo's Distillery.
  2311 | D:3      | 2311 ||| SHOPLISTING 2 potions of heal wounds (140 gold,
                  | have 131).
  2311 | D:3      | 2311 ||| BUYING potion of curing (42 gold).
  2311 | D:3      | Bought a potion of curing for 42 gold pieces
  2311 | D:3      | 2311 ||| BUYING potion of curing (42 gold).
  2311 | D:3      | Bought a potion of curing for 42 gold pieces
  2311 | D:3      | 2311 ||| BUYING potion of curing (42 gold).
  2311 | D:3      | Bought a potion of curing for 42 gold pieces
  2311 | D:3      | 2311 ||| SHOPLISTING potion of lignification (42 gold, have
                  | 5).
  2464 | D:3      | 2464 ||| Stepping ~*~*~tactically~*~*~ (hiding).
  2631 | D:3      | 2631 ||| UPGRADING to +0 chain mail.
  2641 | D:3      | 2641 ||| DROPPING +0 scale mail.
  2642 | D:3      | 2642 ||| READING scroll labelled PALLAH ICHUOR.
  2643 | D:3      | 2643 ||| READING 2 scrolls labelled GATTUCV CUANLACH.
  2644 | D:3      | 2644 ||| READING 2 scrolls labelled CUBLEF PYMOOTAWKI.
  2648 | D:3      | 2648 ||| READING scroll labelled VISIEN VUANG.
  2649 | D:3      | 2649 ||| READING 2 scrolls of identify.
  2649 | D:3      | 2649 ||| IDENTIFYING pink potion
  2650 | D:3      | 2650 ||| DROPPING potion of brilliance.
  2651 | D:3      | 2651 ||| DROPPING scroll of immolation.
  2702 | D:4      | Reached XP level 6. HP: 38/39 MP: 6/6
  2709 | D:4      | Noticed Menkaure
  2710 | D:4      | 2710 ||| FLEEEEING.
  2711 | D:4      | 2711 ||| STAIRDANCE
  2749 | D:4      | HP: 5/39 [Menkaure (16)]
  2750 | D:4      | 2750 ||| READING scroll of teleportation.
  2752 | D:4      | Killed from afar by Menkaure

Levels and vault maps discovered:
D:1:      psy_arrival_whirlpool, layout_basic
D:2:      layout_basic, shapermc_ecumenical_altar_rom_forum
D:3:      layout_basic, nemelex_xobeh_ov_fountains_minmay, serial_shops,
          nicolae_shop_tiny_real_fake_doors, minmay_rat_hole, uniq_natasha
D:4:      layout_rooms, lemuel_crystal_altar, minmay_temple_entry_slanted,
          uniq_menkaure

Skill      XL: |  1  2  3  4  5 |
---------------+----------------+-----
Axes           | 2 3 4 5 |  5.1
Fighting       | 4 |  4.4
Armour         | |  3.2
Shields        | |  3.2

Action                     |  1- 3 |  4- 6 || total
---------------------------+-------+-------++-------
  Melee: War axe           |    98 |   119 ||   217
    Use: Scroll            |     4 |     6 ||    10
 Armour: Scale mail        |    41 |    43 ||    84
         Chain mail        |       |    16 ||    16
  Dodge: Dodged            |    48 |    44 ||    92
  Block: Buckler           |    18 |    21 ||    39

Table legend:
 A = Non-vault XP
 B = Vault XP
 C = Vault XP percentage of total XP
 D = Non-vault monster count
 E = Vault monster count
 F = Vault count percentage of total count
                 A         B        C        D         E       F
            +---------+---------+-------+---------+---------+-------
      Total |     303 |      57 |  15.8 |      60 |      20 |  25.0
            +---------+---------+-------+---------+---------+-------
        D:1 |      28 |       0 |   0.0 |      13 |       0 |   0.0
        D:2 |      44 |       0 |   0.0 |      22 |       0 |   0.0
        D:3 |     138 |      57 |  29.2 |      19 |      20 |  51.3
        D:4 |      93 |       0 |   0.0 |       6 |       0 |   0.0
            +---------+---------+-------+---------+---------+-------
